 Dungeon Crawl Stone Soup version 0.14.0-17-gc0b17a5 (webtiles) character file.

305543 MDvedh the Impregnable (level 20, -9/200 HPs)
             Began as a Minotaur Death Knight on Apr 18, 2014.
             Was the Champion of Yredelemnul.
             Mangled by an ettin
             ... wielding a +0,+0 dire flail
              (26 damage)
             ... on Level 3 of the Depths.
             The game lasted 02:16:53 (58435 turns).

MDvedh the Impregnable (Minotaur Death Knight)     Turns: 58435, Time: 02:16:54

HP  -9/200       AC 25     Str 23      XL: 20   Next: 26%
MP  34/34        EV 13     Int  8      God: Yredelemnul [******]
Gold 1204        SH 35     Dex 18      Spells:  0 memorised, 19 levels left

rFire  + + +     SeeInvis +     B - +5,+7 demon whip of the Valley {freeze, SInv}
rCold  + + .     Clarity  .     v - +1 plate armour "Jyenuewa" {rF++ rN+}
rNeg   + . .     Conserve .     e - +5 shield of Resistance {rF+ rC+ MR+}
rPois  .         rCorr    .     (helmet restricted)
rElec  .         rRot     .     k - +0 cloak
SustAb . .       Spirit   .     C - +0 pair of gloves
rMut   .         Warding  .     (no boots)
Saprov . . .     Stasis   .     a - amulet of faith
MR     ++...                    D - +5 ring of evasion
                                J - ring of protection from cold

@: studying Armour, lethally poisoned, very resistant to hostile enchantments,
extremely unstealthy
A: retaliatory headbutt, beak, horns 2, thin skeletal structure 1, agile 1, fire
resistance 1
a: Animate Dead, Recall Undead Slaves, Injury Mirror, Drain Life, Enslave Soul,
Renounce Religion
}: 2/15 runes: decaying, gossamer


You were on level 3 of the Depths.
You worshipped Yredelemnul.
Yredelemnul was exalted by your worship.
You were not hungry.

You visited 7 branches of the dungeon, and saw 44 of its levels.
You visited 1 bazaar.
You also visited: Labyrinth and Ossuary.

You collected 4857 gold pieces.
You spent 3653 gold pieces at shops.

Inventory:

Hand weapons
 B - the +5,+7 demon whip of the Valley (weapon) {freeze, SInv}
   (You acquired it on level 3 of the Spider Nest)

   It has been specially enchanted to freeze those struck by it, causing extra
   injury to most foes and up to double damage against particularly susceptible
   opponents.
   It can also slow down cold-blooded creatures.
   It enhances your eyesight.
Armour
 e - the +5 shield of Resistance (worn) {rF+ rC+ MR+}
   (You found it on level 2 of the Swamp)

   It protects you from fire.
   It protects you from cold.
   It affects your resistance to hostile enchantments.
 k - a +0 cloak (worn)
 v - the +1 plate armour "Jyenuewa" (worn) {rF++ rN+}
   (You bought it in a shop in a bazaar)

   It greatly protects you from fire.
   It protects you from negative energy.
 C - a +0 pair of gloves (worn)
Magical devices
 t - a wand of heal wounds (5)
 u - a wand of hasting (5)
 F - a wand of teleportation (3)
 Q - a wand of teleportation (6)
 U - a wand of magic darts (13)
 X - a wand of digging (9)
Comestibles
 b - 4 chunks of fire dragon flesh
 f - a slice of pizza
 L - a meat ration
 N - 2 bread rations
Scrolls
 c - 4 scrolls of remove curse
 g - 2 scrolls of enchant weapon I
 l - a scroll of vulnerability
 m - 5 scrolls of teleportation
 n - a scroll of magic mapping
 o - 2 scrolls of fog
 p - 8 scrolls of identify
 y - 4 scrolls of blinking
 E - 2 scrolls of recharging
 P - a scroll of enchant weapon II
 T - a scroll of torment
Jewellery
 a - an amulet of faith (around neck)
 d - a +0,+5 ring of slaying {unknown}
 h - an uncursed amulet of conservation
 D - a +5 ring of evasion (right hand)
 H - an uncursed ring of flight
 J - a ring of protection from cold (left hand)
 O - an uncursed amulet of stasis
 Y - the ring "Greehun" {rC+ Str-3 Dex+2}
   (You found it in a labyrinth)

   [ring of protection from cold]

   It affects your strength (-3).
   It affects your dexterity (+2).
Potions
 i - 4 potions of agility
 j - 2 potions of restore abilities
 q - a potion of brilliance
 r - 2 potions of magic
 s - 2 potions of haste
 x - 2 potions of flight
 A - 2 potions of resistance
 G - 2 potions of coagulated blood
 M - 15 potions of curing
 R - 3 potions of might
Books
 S - a manual of Armour


   Skills:
 - Level 22.0 Fighting
 - Level 12.3 Maces & Flails
 - Level 23.3 Armour
 - Level 1.1 Dodging
 - Level 15.0 Shields
 + Level 16.6 Invocations


You had 19 spell levels left.
You didn't know any spells.

Dungeon Overview and Level Annotations

Branches:
Dungeon (15/15)            Temple (0/1) D:7             Orc (4/4) D:11
    Elf (0/3) Orc:4          Lair (8/8) D:8           Swamp (5/5) Lair:3
 Spider (5/5) Lair:4        Slime (0/6) Lair:6       Vaults (4/5) D:14
  Blade (0/1) Vaults:4      Crypt (0/5) Vaults:2     Depths (3/5) D:15

Altars:
Ashenzari
Cheibriados
Elyvilon
Fedhas
Kikubaaqudgha
Okawaru
Trog
Xom
Yredelemnul
The Shining One

Shops:
D:11 }   D:13 *   Orc:1 [!   Orc:2 }   Orc:4 ??(*!   Vaults:1 %?}

Portals:
Hell: Depths:1 Depths:2 Depths:3
Abyss: Depths:2 Depths:3
Pandemonium: Depths:2 Depths:3

Annotations:
Lair:3 exclusions: downstairs and 1 more exclusion
Lair:6 exclusion: 2 oklob plants


Innate Abilities, Weirdness & Mutations

You reflexively headbutt those who attack you in melee.
You have a pair of horns on your head.
You have a beak for a mouth.
You have a somewhat thin skeletal structure (Dex +2, Stealth).
You are agile. (Dex +2)
Your flesh is heat resistant.


Message History

You kill the emperor scorpion!
Yredelemnul accepts your kill.
You feel sick. You block the raven's attack. The raven misses you.
Unknown command.
You thrash the raven!! You freeze the raven.
You kill the raven!
Yredelemnul accepts your kill.
You feel sick.
Unknown command.
You feel very sick.
The deep elf priest calls down the wrath of its god upon you.
Something smites you!
* * * LOW HITPOINT WARNING * * *
The tengu conjurer hits you but does no damage.
The tengu conjurer pecks you but does no damage.
You block the tengu conjurer's attack. The ettin hits you with a dire flail!
* * * LOW HITPOINT WARNING * * *
The ettin hits you with a dire flail!
You die...
Your body rises from the dead as a mindless zombie.

≈≈≈≈≈≈≈≈≈≈≈≈n≈≈≈≈§≈≈≈
≈≈§≈≈≈≈≈≈≈≈≈#.#≈§§§§≈. §
#≈§≈≈≈≈≈≈≈z..##≈≈≈≈.. ≈≈≈ ≈≈≈
#≈§≈≈≈≈≈z###§#§≈§... ≈≈# ≈≈§§
####≈≈≈zn≈###≈...§≈≈Z ≈≈###≈≈≈§
#..#nAnn≈≈≈§≈≈≈≈≈≈≈≈. ≈§≈≈≈≈≈≈≈≈≈
#e%#.D≈≈≈≈≈≈§≈§§≈§§§≈ §§≈≈≈≈≈≈§≈≈
#D###≈≈≈≈§§≈≈≈§≈≈≈≈ .≈≈≈§≈≈≈≈≈≈
#?[#@H#≈≈§§≈≈§§§≈§≈≈≈
.(.≈§≈≈≈≈≈≈§#%(#C*#≈≈≈≈≈≈≈§≈≈≈≈≈§
#..)§≈§≈≈≈≈§#######≈≈≈≈≈≈§≈≈§§≈≈≈
..#####≈≈≈≈§ #≈≈≈≈≈≈≈≈≈§≈§§≈ .##
≈§≈≈≈≈ ###§≈§≈≈ .# ≈≈≈≈≈ ≈≈#
#§§≈≈ .# ≈≈§≈≈≈≈≈≈≈≈### #§§≈≈
####### #≈≈≈§≈≈≈≈≈≈≈≈≈###≈≈≈≈ #
#>.n## #≈≈§≈≈≈≈§≈≈≈≈≈≈§§§≈≈≈


You could see an ettin, a deep elf priest, a tengu conjurer and a friendly bone
dragon.

Vanquished Creatures
  A lich (Depths:2)
  2 sphinxes
  A storm dragon (Vaults:2)
  Agnes (Vaults:1)
  2 ghost moths (Spider:5)
  3 fire giants
  A deep elf sorcerer (Depths:2)
  Wiglaf (Spider:5)
  5 frost giants
  5 vault wardens
  9 emperor scorpions
  4 stone giants
  2 dire elephants (Depths:3)
  The ghost of profreshinal the Martial Artist, a powerful OpTm of Cheibriados (Lair:4)
  A minotaur (Lab)
  A crystal guardian (Vaults:3)
  2 vault guards
  3 ettins
  Josephine (Orc:2)
  A great orb of eyes (Vaults:4)
  3 fire dragons (Depths:3)
  7 hydras
  4 yaktaur captains
  8 ironheart preservers
  3 spriggan air magi
  3 ice dragons
  9 ogre magi
  4 deep troll shamans
  3 tengu warriors
  A death yak (Depths:1)
  2 hell knights
  A spriggan berserker (Depths:3)
  7 centaur warriors
  A skeletal warrior (Vaults:2)
  3 deep elf knights (Depths:3)
  A shadow wraith (Vaults:1)
  8 very ugly things
  2 salamander mystics
  9 deep trolls
  3 iron trolls
  3 wizards
  5 orb spiders
  7 hill giants
  A deep elf conjurer (Vaults:2)
  An unseen horror (D:14)
  A harpy (Vaults:3)
  A tengu zombie (Depths:2)
  A torturous demonspawn (Depths:2)
  Pikel (D:5)
  9 orc knights
  5 ironbrand convokers
  A lindwurm (Depths:3)
  A sixfirhy (Depths:2)
  3 necromancers
  3 griffons
  A manticore (Depths:2)
  A fire giant zombie (Depths:2)
  4 salamanders
  3 cyclopes
  8 wolf spiders
  8 vault sentinels
  A moth of wrath (Spider:3)
  A fire giant skeleton (Vaults:2)
  6 red wasps
  4 black mambas
  A smoke demon (Depths:2)
  A dire elephant skeleton (Depths:2)
  An orange demon (Depths:2)
  A gargoyle (D:11)
  A spriggan zombie (Depths:2)
  20 yaktaurs
  3 kobold demonologists
  15 spiny frogs
  4 demonic crawlers
  3 freezing wraiths
  7 jumping spiders
  19 two-headed ogres
  A deep elf priest (Vaults:1)
  2 fire drakes (Depths:3)
  3 tengu conjurers
  A fire drake (shapeshifter) (Vaults:2)
  9 boggarts
  2 komodo dragons
  2 giant leeches
  2 trolls
  18 blink frogs
  A hydra skeleton (D:9)
  A centaur skeleton (D:12)
  Prince Ribbit (D:5)
  17 slime creatures
  2 baby alligators (Swamp:1)
  A queen bee (Spider:5)
  6 boulder beetles
  11 ravens
  A raven (shapeshifter) (Depths:3)
  2 human simulacra (Vaults:1)
  An elf zombie (Depths:2)
  3 spriggans
  10 trapdoor spiders
  2 basilisks
  A grizzly bear (Lair:1)
  21 redbacks
  2 bog bodies
  A flying skull (Lair:8)
  2 sharks
  9 tarantellas
  A wyvern (D:13)
  22 yaks
  22 ugly things
  An elephant slug (Lair:7)
  A water elemental (Depths:1)
  A fire bat (Depths:1)
  A fire elemental (Depths:3)
  4 deep elf fighters
  3 wraiths
  Sigmund (D:5)
  A neqoxec (Orc:4)
  6 swamp worms
  6 hippogriffs
  20 vampire mosquitoes
  5 wolves
  12 porcupines
  2 necrophages
  A warg (Orc:4)
  15 water moccasins
  2 swamp drakes (Swamp:2)
  2 yellow wasps
  8 hell hounds (Depths:3)
  43 ogres
  3 giant goldfish
  6 ice beasts
  14 orc warriors
  A sky beast (D:5)
  5 spiders
  18 centaurs
  A boring beetle (Lair:7)
  A phantom (D:10)
  21 crocodiles
  16 giant frogs
  11 giant slugs
  Blork the orc (D:7)
  2 big kobolds
  2 insubstantial wisps (Swamp:4)
  2 human skeletons (Vaults:2)
  A glowing shapeshifter simulacrum (Vaults:1)
  A lava worm (D:8)
  5 scorpions
  11 killer bees
  The ghost of oplop the Shield-Bearer, a weakling MiFi (D:3)
  A wight (D:12)
  3 electric eels
  4 crimson imps
  2 centaur zombies
  A gnoll shaman (D:4)
  8 goliath beetles
  24 orc priests
  A giant frog skeleton (D:9)
  A lava snake (D:8)
  3 jellies
  12 hounds
  3 human zombies
  A quasit (D:11)
  8 big fish
  A black bear skeleton (D:4)
  27 orc wizards
  7 worker ants
  12 iguanas
  7 sheep
  3 big kobold zombies (Ossuary)
  A sky beast zombie (D:6)
  A brain worm zombie (D:9)
  2 hound zombies (Ossuary)
  4 mummies
  9 gnolls
  18 green rats
  18 adders
  A shadow imp (D:5)
  2 giant mites
  2 worms
  An inept feature mimic (D:6)
  2 ufetubi (Vaults:2)
  An adder skeleton (D:9)
  An adder zombie (Ossuary)
  An iguana skeleton (D:5)
  3 giant eyeballs
  8 giant geckos
  An ooze (D:3)
  108 orcs
  4 ball pythons
  13 bats
  A bat zombie (D:6)
  A giant cockroach (D:4)
  A giant mite zombie (D:5)
  17 goblins
  19 hobgoblins
  30 jackals
  28 kobolds
  16 quokkas
  9 giant newts
  A gnoll skeleton (D:7)
  A gnoll zombie (Ossuary)
  2 goblin zombies
  A green rat zombie (Lair:8)
  6 hobgoblin zombies (Ossuary)
  A jackal skeleton (D:6)
  3 jackal zombies (Ossuary)
  4 kobold zombies (Ossuary)
  4 orc zombies
  2 quokka zombies (Ossuary)
  15 rats
  6 rat zombies (Ossuary)
  A briar patch (Swamp:5)
  A butterfly (D:6)
  A fungus (D:4)
1224 creatures vanquished.

Vanquished Creatures (collateral kills)
  A golden dragon (Depths:2)
  the Enchantress (Depths:1)
  Arachne (Spider:3)
  A titan (Depths:2)
  2 liches
  A storm dragon (Vaults:4)
  Rupert (Lair:5)
  5 thorn hunters
  3 tengu reavers
  3 fire giants
  Donald (Swamp:1)
  A ghost moth (Spider:3)
  4 vault wardens
  3 frost giants
  2 deep elf sorcerers
  Louise (Swamp:2)
  Jorgrun (Spider:2)
  10 emperor scorpions
  3 spriggan defenders (Depths:1)
  4 stone giants
  9 rakshasas
  A deep elf annihilator (Vaults:2)
  A dire elephant (Depths:3)
  A blizzard demon (Depths:2)
  2 minotaurs (Depths:1)
  A deep elf death mage (Vaults:4)
  5 ettins
  8 vault guards
  5 fire dragons
  8 ironheart preservers
  8 yaktaur captains
  The ghost of flinch the Destroyer, a powerful DECj of Vehumet (Lair:4)
  2 shambling mangroves
  15 hydras
  An ice dragon (Vaults:2)
  A spriggan air mage (Depths:1)
  10 ogre magi
  Erica (Lair:1)
  3 deep troll earth magi
  5 deep troll shamans
  2 tengu warriors
  4 deep elf conjurers
  A death yak (Depths:3)
  5 alligators
  4 orc high priests (Orc:4)
  Nessos (D:15)
  2 spriggan berserkers (Depths:1)
  Urug (D:11)
  2 fire crabs
  Nergalle (D:10)
  7 centaur warriors
  3 very ugly things
  3 catoblepae
  4 hell knights (Depths:3)
  A deep elf knight (Vaults:3)
  A wizard (Depths:3)
  12 deep trolls
  4 iron trolls
  3 spriggan druids
  10 swamp dragons
  A hill giant (D:15)
  10 orb spiders
  A necromancer (Depths:2)
  A torturous demonspawn (Depths:2)
  4 orc knights
  6 harpies
  3 orc sorcerers
  An oklob plant (Lair:6)
  5 red wasps
  7 salamanders
  An ironbrand convoker (Vaults:3)
  2 manticores
  A black mamba (Lair:2)
  3 moths of wrath
  12 wolf spiders
  A guardian serpent (shapeshifter) (Vaults:2)
  2 cyclopes
  4 griffons
  4 vault sentinels
  An elephant (Depths:1)
  9 demonic crawlers
  15 spiny frogs
  A vapour (Swamp:4)
  2 feature mimics
  A fire drake (shapeshifter) (Depths:1)
  A hellwing (Orc:4)
  23 yaktaurs
  3 kobold demonologists
  14 jumping spiders
  3 tengu conjurers
  5 fire drakes
  5 giant fireflies
  7 komodo dragons
  2 deep elf priests
  28 slime creatures
  A polar bear (Lair:4)
  5 bog bodies
  3 trolls
  13 two-headed ogres
  2 freezing wraiths
  5 giant leeches
  8 boggarts
  7 boulder beetles
  11 blink frogs
  A frost giant simulacrum (Vaults:2)
  19 ravens
  14 trapdoor spiders
  2 basilisks
  19 redbacks
  6 spriggans
  7 thorn lotuses
  3 water elementals
  2 deep elf magi
  16 ugly things
  13 tarantellas
  3 hippogriffs
  A ynoxinul (Orc:4)
  8 yaks
  3 wolves (Lair:8)
  A wraith (D:15)
  A golden eye (shapeshifter) (Depths:2)
  10 sharks
  A warg (Vaults:1)
  2 shadows
  A wyvern (D:14)
  2 vampires
  3 deep elf fighters
  A neqoxec (Orc:4)
  27 swamp worms
  A deep troll zombie (Vaults:3)
  23 vampire mosquitoes
  8 hell hounds (Depths:3)
  10 water moccasins
  13 orc warriors
  2 mottled dragons
  4 giant goldfish
  11 spiders
  13 swamp drakes
  3 porcupines
  12 centaurs
  20 ogres
  2 yellow wasps (Swamp:4)
  5 ice beasts
  4 giant slugs
  15 giant frogs
  9 crocodiles
  An eye of draining (D:13)
  6 insubstantial wisps (Swamp:4)
  A cyclops skeleton (D:12)
  2 scorpions (Spider:5)
  11 electric eels
  8 wights
  8 killer bees
  4 goliath beetles
  2 crimson imps
  21 orc priests
  A jelly (D:13)
  5 iguanas
  A hound (D:14)
  5 big fish
  2 giant frog skeletons
  24 orc wizards
  6 sheep (Lair:8)
  3 adders
  15 green rats
  A giant mite (Spider:3)
  2 shadow imps
  6 ufetubi
  2 giant eyeballs
  2 giant geckos (D:12)
  86 orcs
  2 bats
  2 goblins
  2 jackals (Lair:6)
  4 giant newts
  A goblin zombie (Orc:2)
  4 kobolds
  An orc skeleton (Orc:2)
  An orc zombie (Orc:2)
  4 rats
  12 briar patches
  2 bushes (Lair:6)
  A fungus (Lair:6)
  3 plants
1037 creatures vanquished.

Vanquished Creatures (others)
  2 profane servitors
  2 bone dragons
  3 ghouls
  An ogre mage (Depths:3)
  5 death cobs
  11 skeletal warriors
  8 flayed ghosts
  A cyclops (Vaults:2)
  A sixfirhy (Vaults:4)
  8 flaming corpses
  9 phantasmal warriors
  A feature mimic (Spider:4)
  A yaktaur (Depths:3)
  A boggart (Depths:3)
  A minotaur skeleton (Depths:1)
  A griffon zombie (Lair:8)
  A raven (D:15)
  11 flying skulls
  3 vampires
  A redback (Spider:1)
  2 wraiths
  A deep elf mage (Vaults:1)
  A vampire mosquito (Vaults:2)
  A hill giant skeleton (Depths:1)
  A deep elf fighter (Vaults:4)
  A tengu zombie (Depths:1)
  2 deep troll zombies (Depths:1)
  A torturous demonspawn zombie (Depths:2)
  2 spiny frog zombies (Lair:8)
  4 blink frog zombies (Lair:8)
  A slave (D:5)
  An ogre (Depths:1)
  7 vampire mosquito zombies (Lair:8)
  2 giant slug zombies
  A water moccasin zombie (Lair:4)
  A big kobold (D:11)
  A yak zombie (Lair:4)
  3 shark zombies (Lair:8)
  3 killer bees (D:11)
  A wolf zombie (Lair:6)
  3 giant frog zombies (Lair:8)
  2 wights (Lair:4)
  A big kobold zombie (D:5)
  3 ogre zombies
  A hound skeleton (D:5)
  2 mummies
  An adder (D:11)
  A big fish zombie (Lair:8)
  A shadow imp (D:5)
  2 electric eel zombies
  2 sheep zombies (Lair:8)
  A bat (D:5)
  2 jackals (D:5)
  5 kobolds (D:11)
  A giant newt (D:12)
  7 green rat zombies (Lair:8)
  2 jackal zombies (Lair:6)
  A kobold zombie (D:8)
  10 orc zombies
  A quokka zombie (Lair:4)
  3 briar patches
  2 fungi (Lair:8)
  14 plants
177 creatures vanquished.

Grand Total: 2438 creatures vanquished

Notes
Turn   | Place    | Note
--------------------------------------------------------------
     0 | D:1      | MDvedh, the Minotaur Death Knight, began the quest for the Orb.
     0 | D:1      | Reached XP level 1. HP: 18/18 MP: 1/1
    33 | D:1      | Reached skill level 3 in Maces & Flails
   221 | D:1      | Reached XP level 2. HP: 11/25 MP: 1/1
   826 | D:1      | Reached skill level 4 in Maces & Flails
   949 | D:1      | Reached XP level 3. HP: 15/30 MP: 3/3
  1714 | D:2      | Acquired Yredelemnul's second power
  2153 | D:2      | Reached skill level 5 in Maces & Flails
  2441 | D:3      | Noticed oplop's ghost (weakling MiFi)
  2828 | D:3      | Reached XP level 4. HP: 33/37 MP: 3/3
  3364 | D:3      | Reached skill level 6 in Maces & Flails
  3368 | D:3      | Reached XP level 5. HP: 34/42 MP: 4/4
  3665 | D:3      | Found an ancient bone altar of Kikubaaqudgha.
  3724 | D:3      | Killed oplop's ghost
  3724 | D:3      | Reached skill level 7 in Maces & Flails
  4309 | D:4      | Found a blossoming altar of Fedhas.
  4610 | D:4      | Reached XP level 6. HP: 32/50 MP: 5/5
  4963 | D:4      | Reached skill level 8 in Maces & Flails
  5543 | D:5      | Entered Level 5 of the Dungeon
  5579 | D:5      | Found a bloodstained altar of Trog.
  5585 | D:5      | Found an iron altar of Okawaru.
  5602 | D:5      | Noticed Pikel
  5652 | D:5      | Killed Pikel
  5652 | D:5      | Reached skill level 10 in Maces & Flails
  5652 | D:5      | Reached XP level 7. HP: 17/56 MP: 5/5
  5997 | D:5      | Reached skill level 11 in Maces & Flails
  6044 | D:5      | Noticed Prince Ribbit
  6053 | D:5      | Killed Prince Ribbit
  6053 | D:5      | Reached XP level 8. HP: 37/62 MP: 6/6
  6196 | D:5      | Your ally Pikel died
  6556 | D:5      | Noticed Sigmund
  6558 | D:5      | Found an ancient bone altar of Kikubaaqudgha.
  6567 | D:5      | Killed Sigmund
  6567 | D:5      | Reached skill level 12 in Maces & Flails
  6996 | D:6      | Found a shimmering altar of Xom.
  7061 | D:6      | Found a white marble altar of Elyvilon.
  7061 | D:6      | Found a basalt altar of Yredelemnul.
  7062 | D:6      | Found a glowing golden altar of the Shining One.
  7257 | D:6      | Found a snail-covered altar of Cheibriados.
  7286 | D:6      | Got a bloodstained ring mail
  7303 | D:6      | Identified the +5 ring mail of Osmu Fau {Str-3} (You found it on level 6 of the Dungeon)
  7576 | D:6      | Reached skill level 5 in Armour
  8279 | D:7      | Reached XP level 9. HP: 68/68 MP: 7/7
  8281 | D:7      | Found a staircase to the Ecumenical Temple.
  8381 | D:7      | Noticed Blork the orc
  8391 | D:7      | Killed Blork the orc
  8442 | D:7      | Found a sand-covered staircase.
  8449 | Ossuary  | Entered an ossuary
  8843 | D:7      | Acquired Yredelemnul's third power
  9729 | D:8      | Found a staircase to the Lair.
  9899 | D:8      | Reached skill level 10 in Armour
  9899 | D:8      | Received a gift from Yredelemnul
  9936 | D:8      | Acquired Yredelemnul's fourth power
 10244 | D:9      | Found a shattered altar of Ashenzari.
 10863 | D:10     | Entered Level 10 of the Dungeon
 10868 | D:10     | Received a gift from Yredelemnul
 10880 | D:10     | Found a shattered altar of Ashenzari.
 10965 | D:10     | Noticed Nergalle
 10983 | D:10     | Reached XP level 10. HP: 70/74 MP: 11/11
 10988 | D:10     | Killed Nergalle
 11040 | D:10     | Noticed a tengu warrior
 11468 | D:10     | Reached skill level 5 in Invocations
 11493 | D:10     | Killed a tengu warrior
 11792 | Lair:1   | Entered Level 1 of the Lair of Beasts
 12244 | Lair:1   | Noticed Erica
 12257 | Lair:1   | Killed Erica
 12257 | Lair:1   | Reached skill level 13 in Armour
 12480 | Lair:1   | Received a gift from Yredelemnul
 12914 | Lair:1   | Identified a scroll of acquirement
 13114 | Lair:2   | Reached XP level 11. HP: 68/80 MP: 18/18
 13665 | Lair:2   | Gained mutation: You have a beak for a mouth. [potion of mutation]
 13665 | Lair:2   | Gained mutation: You are agile. (Dex +2) [potion of mutation]
 13665 | Lair:2   | Gained mutation: You have a somewhat thin skeletal structure (Dex +2, Stealth). [potion of mutation]
 13691 | Lair:2   | Noticed a black mamba
 13697 | Lair:2   | Killed a black mamba
 13979 | Lair:2   | Received a gift from Yredelemnul
 13996 | Lair:2   | Acquired Yredelemnul's fifth power
 14398 | Lair:3   | Received a gift from Yredelemnul
 14659 | Lair:3   | Found a staircase to the Swamp.
 15254 | Lair:3   | Found an iron altar of Okawaru.
 15453 | Lair:3   | Reached skill level 14 in Armour
 15558 | Lair:3   | Received a gift from Yredelemnul
 16015 | Lair:4   | Found a labyrinth entrance.
 16031 | Lair:4   | Received a gift from Yredelemnul
 16102 | Lair:4   | Reached skill level 5 in Fighting
 16144 | Lab      | Entered a labyrinth
 16363 | Lab      | Noticed a minotaur
 16395 | Lab      | Killed a minotaur
 16619 | Lab      | Got a brightly glowing jade ring
 16645 | Lab      | Got a fine halberd
 16649 | Lab      | Identified the cursed +6,+6 halberd "Vyru" {venom, rF++ rN+ Dex-2} (You found it in a labyrinth)
 16655 | Lair:4   | Identified the ring "Greehun" {rC+ Str-3 Dex+2} (You found it in a labyrinth)
 16679 | Lair:4   | Noticed flinch's ghost (powerful DECj)
 16699 | Lair:4   | Killed flinch's ghost
 17017 | Lair:4   | Noticed profreshinal's ghost (powerful OpTm)
 17051 | Lair:4   | Killed profreshinal's ghost
 17683 | Lair:4   | Received a gift from Yredelemnul
 17970 | Lair:4   | Reached XP level 12. HP: 102/106 MP: 21/21
 17994 | Lair:4   | Found a hole to the Spider Nest.
 18109 | Lair:4   | Reached skill level 10 in Fighting
 18264 | Lair:4   | Received a gift from Yredelemnul
 18701 | Lair:5   | Noticed an eight-headed hydra
 18707 | Lair:5   | Killed a six-headed hydra
 19253 | Lair:5   | Received a gift from Yredelemnul
 19477 | Lair:5   | Noticed Rupert
 19496 | Lair:5   | Killed Rupert
 20164 | Lair:6   | Found a staircase to the Slime Pits.
 20625 | Lair:6   | Received a gift from Yredelemnul
 21008 | Lair:6   | Received a gift from Yredelemnul
 21237 | Lair:6   | Noticed an eight-headed hydra
 21245 | Lair:6   | Killed an eight-headed hydra
 21738 | Lair:7   | Received a gift from Yredelemnul
 21755 | Lair:7   | Found a frozen archway.
 22095 | Lair:7   | Reached skill level 15 in Fighting
 22157 | Lair:7   | Reached XP level 13. HP: 83/126 MP: 21/21
 22379 | Lair:7   | Noticed a four-headed hydra
 22386 | Lair:7   | Killed a four-headed hydra
 22433 | Lair:7   | Noticed a seven-headed hydra
 22439 | Lair:7   | Killed a seven-headed hydra
 22439 | Lair:7   | Received a gift from Yredelemnul
 22984 | Lair:8   | Entered Level 8 of the Lair of Beasts
 23075 | Lair:8   | Received a gift from Yredelemnul
 23245 | Lair:8   | Reached skill level 16 in Fighting
 23376 | Lair:8   | Received a gift from Yredelemnul
 23579 | Lair:8   | Reached skill level 17 in Fighting
 23579 | Lair:8   | Received a gift from Yredelemnul
 24714 | Lair:7   | Received a gift from Yredelemnul
 24725 | Lair:7   | Reached skill level 18 in Fighting
 25424 | D:11     | Noticed Urug
 25442 | D:11     | Killed Urug
 25534 | D:11     | Found a staircase to the Orcish Mines.
 25749 | D:11     | Found Psunuxit's Gadget Shop.
 26272 | D:11     | Received a gift from Yredelemnul
 26442 | Orc:1    | Entered Level 1 of the Orcish Mines
 26447 | Orc:1    | Found an ancient bone altar of Kikubaaqudgha.
 26612 | Orc:1    | Found Granel's Armour Emporium.
 26627 | Orc:1    | Found Mosyar's Distillery.
 26672 | Orc:1    | Bought a potion of poison for 10 gold pieces
 26936 | Orc:2    | Noticed Josephine
 26941 | Orc:2    | Killed Josephine
 26941 | Orc:2    | Reached XP level 14. HP: 128/144 MP: 22/22
 27115 | Orc:2    | Received a gift from Yredelemnul
 27304 | Orc:2    | Found Frauc's Gadget Boutique.
 27353 | Orc:3    | Received a gift from Yredelemnul
 27638 | Orc:3    | Received a gift from Yredelemnul
 28022 | Orc:4    | Entered Level 4 of the Orcish Mines
 28072 | Orc:4    | Found Chiv Stri's Magic Scroll Emporium.
 28092 | Orc:4    | Bought a scroll of fog for 28 gold pieces
 28169 | Orc:4    | Found a bloodstained altar of Trog.
 28174 | Orc:4    | Found a staircase to the Elven Halls.
 28184 | Orc:4    | Reached skill level 19 in Fighting
 28263 | Orc:4    | Received a gift from Yredelemnul
 28320 | Orc:4    | Found Qautunubi's General Store.
 28327 | Orc:4    | Found Bruohy's Distillery.
 28327 | Orc:4    | Found Qaic Itu's Weapon Shop.
 28362 | Orc:4    | Found Charoifo's Magic Scroll Shop.
 28447 | Orc:4    | Bought a potion of strong poison for 24 gold pieces
 28450 | Orc:4    | Bought a scroll of identify for 30 gold pieces
 28450 | Orc:4    | Bought a scroll of identify for 30 gold pieces
 28450 | Orc:4    | Bought a scroll of identify for 30 gold pieces
 28450 | Orc:4    | Bought a scroll of enchant weapon I for 52 gold pieces
 28450 | Orc:4    | Bought a scroll of enchant weapon I for 52 gold pieces
 28450 | Orc:4    | Bought a scroll of enchant weapon I for 52 gold pieces
 28450 | Orc:4    | Bought a scroll of identify for 30 gold pieces
 28450 | Orc:4    | Bought a scroll of identify for 30 gold pieces
 28450 | Orc:4    | Bought a scroll of identify for 30 gold pieces
 28450 | Orc:4    | Bought a scroll of magic mapping for 52 gold pieces
 28453 | Orc:4    | Bought a potion of heal wounds for 36 gold pieces
 28453 | Orc:4    | Bought a potion of resistance for 84 gold pieces
 28453 | Orc:4    | Bought a potion of agility for 30 gold pieces
 28453 | Orc:4    | Bought a potion of haste for 84 gold pieces
 28453 | Orc:4    | Bought a potion of beneficial mutation for 420 gold pieces
 28453 | Orc:4    | Bought a potion of resistance for 84 gold pieces
 28454 | Orc:4    | Gained mutation: Your flesh is heat resistant. [potion of beneficial mutation]
 29522 | D:12     | Paralysed by a giant eyeball for 2 turns
 29907 | D:12     | You fall through a shaft for 2 floors!
 29949 | D:14     | Received a gift from Yredelemnul
 29949 | D:14     | Reached skill level 20 in Fighting
 30026 | D:14     | Found a gate to the Vaults.
 30042 | D:14     | Received a gift from Yredelemnul
 30848 | D:15     | Entered Level 15 of the Dungeon
 30856 | D:15     | Received a gift from Yredelemnul
 31007 | D:15     | Received a gift from Yredelemnul
 31080 | D:15     | Reached skill level 21 in Fighting
 31436 | D:15     | Found a staircase to the Depths.
 31661 | D:15     | Noticed Nessos
 31666 | D:15     | Killed Nessos
 32149 | D:13     | Found Ynuozuju's Assorted Antiques.
 32280 | D:13     | Bought a scroll of identify for 44 gold pieces
 32280 | D:13     | Bought a scroll of identify for 44 gold pieces
 32280 | D:13     | Bought a scroll of teleportation for 66 gold pieces
 32280 | D:13     | Bought a potion of heal wounds for 66 gold pieces
 32280 | D:13     | Bought a potion of curing for 44 gold pieces
 32883 | D:12     | Paralysed by a giant eyeball for 3 turns
 33167 | Swamp:1  | Entered Level 1 of the Swamp
 33188 | Swamp:1  | Received a gift from Yredelemnul
 33192 | Swamp:1  | Noticed Donald
 33197 | Swamp:1  | Killed Donald
 33197 | Swamp:1  | Reached XP level 15. HP: 146/160 MP: 23/23
 33762 | Swamp:1  | Reached skill level 22 in Fighting
 33993 | Swamp:2  | Reached skill level 1 in Shields
 34064 | Swamp:2  | Received a gift from Yredelemnul
 34227 | Swamp:2  | Noticed a thorn hunter
 34238 | Swamp:2  | Killed a thorn hunter
 34402 | Swamp:2  | Received a gift from Yredelemnul
 34756 | Swamp:2  | Noticed Louise
 34759 | Swamp:2  | Killed Louise
 34759 | Swamp:2  | Reached skill level 5 in Shields
 35431 | Swamp:3  | Noticed a thorn hunter
 35442 | Swamp:3  | Killed a thorn hunter
 35476 | Swamp:3  | Noticed a thorn hunter
 35498 | Swamp:3  | Killed a thorn hunter
 36101 | Swamp:3  | Received a gift from Yredelemnul
 36369 | Swamp:4  | Received a gift from Yredelemnul
 36755 | Swamp:4  | Noticed a thorn hunter
 36768 | Swamp:4  | Killed a thorn hunter
 37612 | Swamp:5  | Entered Level 5 of the Swamp
 37636 | Swamp:5  | Reached skill level 10 in Shields
 37953 | Swamp:5  | Received a gift from Yredelemnul
 38368 | Swamp:5  | Got a decaying rune of Zot
 38376 | Swamp:5  | Noticed a thorn hunter
 38390 | Swamp:5  | Killed a thorn hunter
 38480 | Swamp:5  | Received a gift from Yredelemnul
 38953 | Spider:1 | Entered Level 1 of the Spider Nest
 39010 | Spider:1 | Received a gift from Yredelemnul
 39191 | Spider:1 | Got a citrine-encrusted scale mail
 39192 | Spider:1 | Identified the cursed -10 scale mail of the Beginning {Str+4 Int-6} (You found it on level 1 of the Spider Nest)
 39343 | Spider:2 | Received a gift from Yredelemnul
 39358 | Spider:2 | Reached XP level 16. HP: 157/169 MP: 24/24
 39359 | Spider:2 | Noticed Jorgrun
 39365 | Spider:2 | Killed Jorgrun
 40012 | Spider:3 | Got a warped demon whip
 40013 | Spider:3 | Identified the +5,+7 demon whip of the Valley {freeze, SInv} (You acquired it on level 3 of the Spider Nest)
 40060 | Spider:3 | Noticed Arachne
 40069 | Spider:3 | Killed Arachne
 40464 | Spider:3 | Received a gift from Yredelemnul
 40808 | Spider:4 | Received a gift from Yredelemnul
 40881 | Spider:4 | Reached skill level 15 in Shields
 41514 | Spider:5 | Entered Level 5 of the Spider Nest
 41602 | Spider:5 | Received a gift from Yredelemnul
 41663 | Spider:5 | Received a gift from Yredelemnul
 41698 | Spider:5 | Noticed Wiglaf
 41711 | Spider:5 | Killed Wiglaf
 41730 | Spider:5 | Reached skill level 15 in Armour
 41861 | Spider:5 | Received a gift from Yredelemnul
 42147 | Spider:5 | Received a gift from Yredelemnul
 42471 | Spider:5 | Received a gift from Yredelemnul
 42595 | Spider:5 | Got a gossamer rune of Zot
 43495 | Vaults:1 | Entered Level 1 of the Vaults
 43639 | Vaults:1 | Received a gift from Yredelemnul
 44196 | Vaults:1 | Reached XP level 17. HP: 171/176 MP: 25/25
 44284 | Vaults:1 | Found Puts' Gadget Boutique.
 44294 | Vaults:1 | Bought a wand of teleportation (6) for 390 gold pieces
 44294 | Vaults:1 | Bought a wand of digging (9) for 338 gold pieces
 44297 | Vaults:1 | Noticed Agnes
 44303 | Vaults:1 | Killed Agnes
 44413 | Vaults:1 | Received a gift from Yredelemnul
 45144 | Vaults:1 | Received a gift from Yredelemnul
 45239 | Vaults:1 | Found Zeapt's Food Shoppe.
 45560 | Vaults:1 | Found Bowaaqaj's Magic Scroll Emporium.
 45568 | Vaults:1 | Bought a scroll of fog for 34 gold pieces
 45568 | Vaults:1 | Bought a scroll of blinking for 127 gold pieces
 45568 | Vaults:1 | Bought a scroll of teleportation for 51 gold pieces
 45568 | Vaults:1 | Bought a scroll of fear for 59 gold pieces
 45568 | Vaults:1 | Bought a scroll of fog for 34 gold pieces
 45568 | Vaults:1 | Bought a scroll of identify for 34 gold pieces
 45568 | Vaults:1 | Bought a scroll of identify for 34 gold pieces
 45568 | Vaults:1 | Bought a scroll of identify for 34 gold pieces
 46139 | Vaults:1 | Found a gateway to a bazaar.
 46168 | Bazaar   | Entered a bazaar
 46172 | Bazaar   | Found Qeuwn's Antique Armour Boutique.
 46190 | Bazaar   | Found Sivy's Antique Armour Emporium.
 46207 | Bazaar   | Found Suepem's Book Boutique.
 46224 | Bazaar   | Found Akkoink's Armour Shoppe.
 46246 | Bazaar   | Bought a faintly glowing plate armour for 616 gold pieces
 46266 | Bazaar   | Identified the +1 plate armour "Jyenuewa" {rF++ rN+} (You bought it in a shop in a bazaar)
 46284 | Bazaar   | Bought a polished scale mail for 252 gold pieces
 46302 | Bazaar   | Identified the cursed -5 scale mail "Aligg" {Str+4 Int+3} (You bought it in a shop in a bazaar)
 46337 | Bazaar   | Bought an ichor-stained scale mail for 198 gold pieces
 46355 | Bazaar   | Identified the +5 scale mail of Thrust {rN+ Dex+1} (You bought it in a shop in a bazaar)
 46493 | Vaults:1 | Received a gift from Yredelemnul
 46821 | Vaults:2 | Received a gift from Yredelemnul
 46954 | Vaults:2 | Received a gift from Yredelemnul
 47484 | Vaults:2 | Found a staircase to the Crypt.
 47484 | Vaults:2 | Found an ancient bone altar of Kikubaaqudgha.
 47486 | Vaults:2 | Found a basalt altar of Yredelemnul.
 47499 | Vaults:2 | Received a gift from Yredelemnul
 48211 | Vaults:2 | Received a gift from Yredelemnul
 48569 | Vaults:2 | Reached XP level 18. HP: 127/184 MP: 25/25
 48685 | Vaults:2 | Received a gift from Yredelemnul
 49510 | Vaults:2 | Received a gift from Yredelemnul
 49802 | Vaults:3 | Received a gift from Yredelemnul
 50073 | Vaults:3 | Received a gift from Yredelemnul
 50210 | Vaults:3 | Identified the Catalogue of Flight (You found it on level 3 of the Vaults)
 50449 | Vaults:3 | Received a gift from Yredelemnul
 51438 | Vaults:4 | Received a gift from Yredelemnul
 51698 | Vaults:4 | Received a gift from Yredelemnul
 51871 | Vaults:4 | Reached skill level 23 in Armour
 51913 | Vaults:4 | Received a gift from Yredelemnul
 51913 | Vaults:4 | Found a staircase to the Hall of Blades.
 52381 | Vaults:4 | Received a gift from Yredelemnul
 52522 | Vaults:4 | Found a white marble altar of Elyvilon.
 52523 | Vaults:4 | Received a gift from Yredelemnul
 53042 | Vaults:4 | Reached skill level 10 in Invocations
 53042 | Vaults:4 | Received a gift from Yredelemnul
 53690 | Depths:1 | Entered Level 1 of the Depths
 53715 | Depths:1 | Reached XP level 19. HP: 168/191 MP: 28/28
 53727 | Depths:1 | Received a gift from Yredelemnul
 53763 | Depths:1 | Noticed the Enchantress
 53772 | Depths:1 | Killed the Enchantress
 53783 | Depths:1 | Received a gift from Yredelemnul
 54167 | Depths:1 | Received a gift from Yredelemnul
 54220 | Depths:1 | Received a gift from Yredelemnul
 54272 | Depths:1 | Found a gateway to Hell.
 54957 | Depths:2 | Found a one-way gate to the infinite horrors of the Abyss.
 55575 | Depths:2 | Received a gift from Yredelemnul
 56246 | Depths:2 | Found a one-way gate leading to the halls of Pandemonium.
 56355 | Depths:3 | Paralysed by an ogre mage for 6 turns
 57054 | Depths:2 | Noticed a golden dragon
 57065 | Depths:2 | Killed a golden dragon
 57065 | Depths:2 | Reached skill level 15 in Invocations
 57569 | Depths:2 | Got a steaming jade amulet
 57659 | Depths:3 | Received a gift from Yredelemnul
 57706 | Depths:3 | Identified the amulet of Omafokuk {Ward rC+ Stlth++} (You found it on level 2 of the Depths)
 57749 | Depths:3 | Paralysed by a giant eyeball for 4 turns
 57764 | Depths:3 | Paralysed by a giant eyeball for 2 turns
 57773 | Depths:3 | Paralysed by a giant eyeball for 3 turns
 57813 | Depths:3 | Reached XP level 20. HP: 169/200 MP: 33/33
 57949 | Depths:3 | Received a gift from Yredelemnul
 58004 | Depths:3 | Received a gift from Yredelemnul
 58435 | Depths:3 | Mangled by an ettin

Action                   |  1- 3 |  4- 6 |  7- 9 | 10-12 | 13-15 | 16-18 | 19-21 || total
-------------------------+-------+-------+-------+-------+-------+-------+-------++-------
Melee: Mace              |   107 |   126 |       |       |       |       |       ||   233
       Morningstar       |       |    32 |    35 |       |       |       |       ||    67
       Whip              |       |       |   687 |   916 |  1263 |    47 |       ||  2913
       Scimitar          |       |       |       |     3 |       |       |       ||     3
       Demon whip        |       |       |       |       |       |  1531 |   657 ||  2188
Invok: Injury Mirror     |     1 |     3 |     1 |       |       |       |       ||     5
       Animate Remains   |       |       |     1 |       |       |       |       ||     1
       Animate Dead      |       |       |     2 |    12 |    25 |     6 |     5 ||    50
       Recall Undead Sla |       |       |       |     9 |    34 |    10 |    18 ||    71
       Drain Life        |       |       |       |       |     9 |     4 |    12 ||    25
Evoke: Wand              |     1 |       |     3 |    10 |     3 |     1 |       ||    18
  Use: Scroll            |     8 |     5 |    13 |    13 |    18 |     5 |     2 ||    64
       Potion            |       |     3 |       |     9 |     5 |     1 |     2 ||    20
 Stab: Distracted        |       |       |       |     7 |    25 |    14 |    12 ||    58
       Held in net/web   |       |       |       |     1 |       |       |       ||     1
       Sleeping          |       |       |       |       |       |     2 |       ||     2
